 Dungeon Crawl Stone Soup version 0.28-a0-1080-g05a166d0ed (webtiles) character file.

Game seed: 14854028493572857079

734 spiderkeys the Ducker (level 7, 0/41 HPs)
             Began as a Deep Elf Abyssal Knight on Dec 10, 2021.
             Was a Believer of Lugonu.
             Slain by a killer bee (5 damage)
             ... on level 5 of the Dungeon.
             The game lasted 00:06:12 (3808 turns).

spiderkeys the Ducker (Deep Elf Abyssal Knight)     Turns: 3808, Time: 00:06:13

Health: 0/41       AC: 10    Str:  8 (10) XL:     7   Next: 45%
Magic:  12/12      EV: 11    Int: 14 (17) God:    Lugonu [**....]
Gold:   208        SH:  4    Dex: 13 (15) Spells: 6/6 levels left

rFire   + . .      SeeInvis .   a - +1 short sword (vorpal)
rCold   + + .      Faith    .   (no shield)
rNeg    . . .      Spirit   .   e - +1 ring mail {rC+}
rPois   +          Reflect  .   k - +2 helmet
rElec   +          Harm     .   (no cloak)
rCorr   +          Rampage  .   (no gloves)
Will    .....                   i - +0 pair of boots
Stlth   +.........              (no amulet)
HPRegen 0.13/turn               (no ring)
MPRegen 0.13/turn               (no ring)

@: resistant, hasted, unable to read, very quick
A: large bone plates 1, sense surroundings 1, wild magic 1, [screaming 1],
[inability to read while threatened]
a: Renounce Religion, Depart the Abyss, Bend Space


You were on level 5 of the Dungeon.
You worshipped Lugonu.
Lugonu was pleased with you.
You visited 1 branch of the dungeon, and saw 5 of its levels.
You visited the Abyss 1 time.

You collected 208 gold pieces.


Innate Abilities, Weirdness & Mutations

You are partially covered in large bone plates. (SH +4)
You passively map a small area around you.
Your spells are a little harder to cast, but a little more powerful.
[You occasionally shout uncontrollably at your foes.]
[You sometimes lose the ability to read scrolls when taking damage.]


   Skills:
 - Level 3.1 Fighting
 + Level 4.7 Short Blades
 - Level 0.7 Armour
 - Level 5.0 Dodging
 - Level 5.0 Invocations
 - Level 3.4 Evocations


You had 6 spell levels left.
You didn't know any spells.
Your spell library was empty.

Inventory:

Hand Weapons
 a - a +1 vorpal short sword (weapon)
Missiles
 h - 135 stones
 t - 61 arrows
 u - 30 poisoned darts
Armour
 b - a +0 leather armour
 e - a +1 ring mail of cold resistance (worn)
   (You found it on level 3 of the Abyss)
 i - a +0 pair of boots (worn)
   (You found it on level 1 of the Dungeon)
 k - a +2 helmet (worn)
   (You found it on level 1 of the Dungeon)
 r - a +2 robe of fire resistance
   (You took it off Jessica on level 2 of the Dungeon)
 C - a scarf of resistance
   (You found it on level 4 of the Dungeon)
Magical Staves
 g - a staff of air {!a}
   (You found it on level 1 of the Dungeon)
Jewellery
 q - a ring of willpower
   (You found it on level 2 of the Dungeon)
Wands
 c - a wand of paralysis (3)
   (You found it on level 2 of the Abyss)
 d - a wand of iceblast (3)
   (You found it on level 3 of the Abyss)
Scrolls
 f - a scroll of enchant armour {unknown}
 l - 2 scrolls of brand weapon
 m - a scroll of blinking {unknown}
 n - a scroll of identify {unknown}
 s - a scroll of fog {unknown}
 v - 2 scrolls of teleportation {@r4}
 y - a scroll of magic mapping {unknown}
 z - a scroll of fear {unknown}
 A - a scroll of immolation {unknown}
Potions
 p - 2 potions of mutation {!q}
 x - a potion of cancellation {unknown}
 B - a potion of lignification {unknown}
 D - a potion of flight {unknown}

Dungeon Overview and Level Annotations

Branches:
Dungeon (5/15)
 Temple: D:4-7

Altars:
Ashenzari

Annotations:
D:5 Menkaure

### ####.## * ##
##.##..# #.#
##.##...# * #..#*
*#.###...# , #...
##@##..## , #...
#y##..##.# *
#...#####........#
* , , *
#.............## *
#..............#
#........###.#....
* ,, #.........#
.###..#
#.#.......## .#
.## ..##..y#...#
.# #


You could see a killer bee.


Message History

You climb downwards.
Found 10 gold pieces.
Found a stone staircase leading down.
There is a stone staircase leading up here.
You now have 197 gold pieces (gained 10).
Found a stone staircase leading up.
Found a stone staircase leading up.
Key pressed, stopping explore.
Menkaure, Prince of Dust comes into view.
Menkaure shouts!
As you read the scroll labelled EZISUGOAN CAIP, it crumbles to dust.
You feel strangely unstable.
It was a scroll of teleportation.
Your surroundings suddenly seem different.
You now have 208 gold pieces (gained 11).
D - a fuming sapphire potion You yell at the killer bee!
A killer bee comes into view.
The killer bee buzzes angrily.
You hear an angry buzzing noise. x2
You hear a shout!
A killer bee comes into view.
The killer bee moves out of view.
A killer bee comes into view.
The killer bee buzzes angrily.
Aiming: Iceblast
Press: ? - help, Shift-Dir - straight line, f - killer bee
Aim: a killer bee The mass of ice explodes!
The iceblast engulfs the killer bee! x2
You kill the killer bee!
Lugonu accepts your kill.
You hear an angry buzzing noise.
The killer bee stings you. 😕 HP[-3]
You take 3 damage, and now have 38/41 hp.
You closely miss the killer bee.
The killer bee stings you but does no damage.
The killer bee barely misses you.
The killer bee buzzes angrily.
You hit the killer bee but do no damage.
The killer bee stings you.
You are poisoned.
The killer bee poisons you! 😕 HP[-6]
You take 6 damage, and now have 32/41 hp.
You barely miss the killer bee.
You feel very sick.
The killer bee stings you but does no damage. x2 😮 HP[-3]
You take 3 damage, and now have 29/41 hp.
You barely miss the killer bee.
You feel sick. The killer bee barely misses you.
The killer bee stings you but does no damage. 😮 HP[-1]
You take 1 damage, and now have 28/41 hp.
You hit the killer bee.
You kill the killer bee!
Lugonu accepts your kill.
You feel sick.
The killer bee stings you but does no damage. 😮 HP[-2]
You take 2 damage, and now have 26/41 hp.
You hit the killer bee but do no damage.
You feel sick. The killer bee misses you. The killer bee stings you. 😮 HP[-3]
You take 3 damage, and now have 23/41 hp.
You hit the killer bee.
You feel sick.
The killer bee closely misses you. 😮 HP[-1]
You take 1 damage, and now have 22/41 hp.
You barely miss the killer bee.
You feel sick. The killer bee closely misses you. The killer bee stings you!
You feel threatened and lose the ability to read scrolls!
* * * LOW HITPOINT WARNING * * *
😨 HP[-9]
You take 9 damage, and now have 13/41 hp.
MASSIVE DAMAGE!! (PAUSE) It was a potion of mutation.
You feel extremely strange.
You feel a strange attunement to the structure of the dungeons.
You feel less in control of your magic.
Large bone plates grow over parts of your arms.
You feel sick.
The killer bee closely misses you. x2 😨 HP[-1]
You take 1 damage, and now have 12/41 hp.
It was a potion of resistance.
You feel protected.
You feel sick. You block the killer bee's attack. The killer bee stings you.
* * * LOW HITPOINT WARNING * * *
😱 HP[-3]
You take 3 damage, and now have 9/41 hp.
It was a potion of degeneration.
There was something very wrong with that liquid.
You feel weakened.
You feel dopey.
You feel clumsy.
You feel sick.
You are no longer poisoned.
The killer bee stings you but does no damage.
The killer bee stings you.
* * * LOW HITPOINT WARNING * * *
😱 HP[-4]
You take 4 damage, and now have 5/41 hp.
It was a potion of haste.
You feel yourself speed up. The killer bee stings you.
You die...

Skill      XL: |  1  2  3  4  5  6  7 |
---------------+----------------------+-----
Fighting       | 3 |  3.1
Invocations    | 3 4 5 |  5.0
Evocations     | 3 |  3.4
Short Blades   | 3 4 |  4.7
Dodging        | 3 4 5 |  5.0
Armour         | |  0.7

Action                   |  1- 3 |  4- 6 |  7- 9 || total
-------------------------+-------+-------+-------++-------
Melee: Short sword       |     8 |   222 |    14 ||   244
Invok: Depart the Abyss  |       |     1 |       ||     1
Evoke: Wand              |     1 |     4 |     2 ||     7
  Use: Scroll            |       |     1 |     1 ||     2
       Potion            |       |       |     4 ||     4
 Stab: Paralysed         |     8 |    12 |     3 ||    23
Armor: Ring mail         |       |    96 |     6 ||   102
Dodge: Dodged            |       |   112 |     8 ||   120
Block: Other             |       |       |     1 ||     1

Levels and vault maps discovered:
D:1:      kennysheep_arrival_seaside, layout_loops_ring,
          hellmonk_ecumenical_altar_watching_god
D:2:      layout_loops_ring, serial_glass, glass_columns_b, glass_columns_b,
          minmay_tetromino_s2, uniq_sigmund, uniq_jessica
D:3:      layout_loops_ring
D:4:      layout_basic, nicolae_ashenzari_skybound, uniq_duvessa
D:5:      layout_layer_cave, nicolae_overflow_hidden_temple, xom_butterflies,
          lightli_temple_of_fire, uniq_menkaure, uniq_blork_the_orc,
          uniq_eustachio

Notes
Turn   | Place    | Note
-------+----------+-------------------------------------------
     0 | Abyss:1  | spiderkeys the Deep Elf Abyssal Knight began the quest for
                  | the Orb.
     0 | Abyss:1  | Reached XP level 1. HP: 13/13 MP: 4/4
     0 | Abyss:1  | magus.rc [v1.9.10]
    79 | Abyss:2  | Found a basalt altar of Yredelemnul.
   132 | Abyss:3  | Noticed a neqoxec
   142 | Abyss:3  | Killed a neqoxec
   143 | Abyss:3  | Reached skill level 3 in Fighting
   143 | Abyss:3  | Reached skill level 3 in Invocations
   143 | Abyss:3  | Reached skill level 3 in Evocations
   143 | Abyss:3  | Reached XP level 2. HP: 19/19 MP: 4/6
   143 | Abyss:3  | Reached XP level 3. HP: 23/23 MP: 4/7
   143 | Abyss:3  | Reached XP level 4. HP: 28/28 MP: 4/8
   173 | Abyss:4  | Noticed a wretched star
   173 | Abyss:4  | Noticed a wretched star
   173 | Abyss:4  | Noticed a meliai
   174 | Abyss:4  | Noticed a meliai
   175 | D:1      | You pass through the gate.
   175 | D:1      | Escaped the Abyss
   247 | D:1      | Reached * piety under Lugonu
   448 | D:1      | Noticed a floating eye
   449 | D:1      | Found a faded altar of an unknown god.
   455 | D:1      | Noticed a golden eye
   459 | D:1      | Noticed a shining eye
   469 | D:1      | Noticed a shining eye
   541 | D:1      | Reached XP level 5. HP: 29/32 MP: 9/9
  1147 | D:2      | Noticed Sigmund
  1163 | D:2      | Killed Sigmund
  1164 | D:2      | Reached skill level 3 in Short Blades
  1164 | D:2      | Reached skill level 3 in Dodging
  1164 | D:2      | Reached skill level 4 in Invocations
  1164 | D:2      | Reached XP level 6. HP: 35/37 MP: 9/11
  1321 | D:2      | Noticed Jessica
  1328 | D:2      | Killed Jessica
  1707 | D:2      | Reached skill level 4 in Dodging
  1863 | D:3      | Reached ** piety under Lugonu
  3118 | D:4      | Found a broken altar of Ashenzari.
  3161 | D:4      | Noticed Duvessa
  3161 | D:4      | Noticed Dowan
  3175 | D:4      | Killed Duvessa
  3176 | D:4      | Reached XP level 7. HP: 27/41 MP: 12/12
  3180 | D:4      | Killed Dowan
  3181 | D:4      | Reached skill level 4 in Short Blades
  3181 | D:4      | Reached skill level 5 in Dodging
  3181 | D:4      | Reached skill level 5 in Invocations
  3699 | D:5      | Entered Level 5 of the Dungeon
  3754 | D:5      | Noticed Menkaure
  3805 | D:5      | Gained mutation: You passively map a small area around you.
                  | [potion of mutation]
  3805 | D:5      | Gained mutation: Your spells are a little harder to cast,
                  | but a little more powerful. [potion of mutation]
  3805 | D:5      | Gained mutation: You are partially covered in large bone
                  | plates. (SH +4) [potion of mutation]
  3806 | D:5      | HP: 9/41 [killer bee (2)]
  3808 | D:5      | Slain by a killer bee

Vanquished Creatures
  Sigmund (D:2)
  A neqoxec (Abyss:3)
  Duvessa (D:4)
  Dowan (D:4)
  2 killer bees (D:5)
  A centaur skeleton (D:4)
  A hound (D:4)
  Jessica (D:2)
  An iguana (D:4)
  3 adders
  2 worms
  3 dart slugs
  3 orcs (D:4)
  5 bats
  5 endoplasms
  2 giant cockroaches
  4 hobgoblins
  6 jackals (D:1)
  5 kobolds
  4 quokkas (D:2)
  3 ball pythons
  4 frilled lizards
  5 goblins
  5 rats
69 creatures vanquished.

Table legend:
 A = Non-vault XP
 B = Vault XP
 C = Vault XP percentage of total XP
 D = Non-vault monster count
 E = Vault monster count
 F = Vault count percentage of total count
                 A         B        C        D         E       F
            +---------+---------+-------+---------+---------+-------
      Total |     571 |     478 |  45.6 |      64 |       5 |   7.2
            +---------+---------+-------+---------+---------+-------
        D:1 |      22 |       0 |   0.0 |      13 |       0 |   0.0
        D:2 |      66 |     262 |  79.9 |      24 |       3 |  11.1
        D:3 |      41 |       0 |   0.0 |      14 |       0 |   0.0
        D:4 |     139 |     216 |  60.8 |      10 |       2 |  16.7
        D:5 |     120 |       0 |   0.0 |       2 |       0 |   0.0
    Abyss:3 |     183 |       0 |   0.0 |       1 |       0 |   0.0
            +---------+---------+-------+---------+---------+-------

Illustrated notes

Table legend:
 A = Kills in this place as a percentage of kills in entire the game.
 B = Kills by you in this place as a percentage of kills by you in the entire game.
 C = Kills by friends in this place as a percentage of kills by friends in the entire game.
 D = Other kills in this place as a percentage of other kills in the entire game.
 E = Experience gained in this place as a percentage of experience gained in the entire game.
 F = Experience gained in this place divided by the number of levels of this place that you have seen.
                   A       B       C       D       E      F
               +-------+-------+-------+-------+-------+----------------------
         Total | 100.0 | 100.0 |   N/A |   N/A | 100.0 | 116.6
       Dungeon |  98.6 |  98.6 |   N/A |   N/A |  82.6 | 173.2
         Abyss |   1.4 |   1.4 |   N/A |   N/A |  17.4 |  45.8
               +-------+-------+-------+-------+-------+----------------------

Table legend: (Time is in decaauts)
 A = Elapsed time spent in this place.
 B = Non-inter-level travel time spent in this place.
 C = Inter-level travel time spent in this place.
 D = Time resting spent in this place.
 E = Time spent auto-exploring this place.
 F = Levels seen in this place.
 G = Mean time per level.
                   A        B        C        D        E       F      G
               +--------+--------+--------+--------+--------+-----+--------+
         Total |   3796 |   3714 |     82 |      0 |   3128 |   9 |  421.8 |
       Dungeon |   3621 |   3539 |     82 |      0 |   3057 |   5 |  724.2 |
         Abyss |    174 |    174 |      0 |      0 |     71 |   4 |   43.5 |
               +--------+--------+--------+--------+--------+-----+--------+

Top non-repeatable levels by time:
     D:4: 1112 daAuts
     D:1: 941 daAuts
     D:3: 732 daAuts
     D:2: 727 daAuts
     D:5: 107 daAuts
 Abyss:3: 84 daAuts
 Abyss:2: 55 daAuts
 Abyss:1: 32 daAuts
 Abyss:4: 1 daAuts
